 Dungeon Crawl Stone Soup version 0.29-a0-284-gf9362112df (webtiles) character file.

Game seed: 5995077065317696092

12 horus123 the Magician (level 2, 0/15 HPs)
             Began as a Deep Elf Hedge Wizard on Mar 25, 2022.
             Slain by an adder (2 damage)
             ... on level 2 of the Dungeon.
             The game lasted 00:01:34 (828 turns).

horus123 the Magician (Deep Elf Hedge Wizard)        Turns: 828, Time: 00:01:35

Health: 0/15       AC:  2    Str:  7    XL:     2   Next: 20%
Magic:  11/19      EV: 12    Int: 18    God:
Gold:   25         SH:  0    Dex: 14    Spells: 8/11 levels left

rFire   . . .      SeeInvis .   e - +1 dagger (protect)
rCold   . . .      Faith    .   (no shield)
rNeg    . . .      Spirit   .   b - +0 robe
rPois   .          Reflect  .   c - +0 hat
rElec   .          Harm     .   (no cloak)
rCorr   .          Rampage  .   (no gloves)
Will    .....                   (no boots)
Stlth   ++........              (no amulet)
HPRegen 0.05/turn               f - ring of magical power
MPRegen 0.16/turn               (no ring)

@: no status effects
A: no striking features
a: no special abilities


You were on level 2 of the Dungeon.
You visited 1 branch of the dungeon, and saw 2 of its levels.

You collected 25 gold pieces.

Inventory:

Hand Weapons
 e - a +1 dagger of protection (weapon)
Armour
 b - a +0 robe (worn)
 c - a +0 hat (worn)
Jewellery
 f - a ring of magical power (left hand)
Scrolls
 a - 2 scrolls of identify {unknown}
 g - 2 scrolls of amnesia {unknown}
Potions
 d - a potion of magic


   Skills:
 - Level 2.4 Dodging
 - Level 2.4 Stealth
 - Level 5.0 Spellcasting
 + Level 1.7 Conjurations
 - Level 1.1 Summonings
 - Level 1.1 Translocations


You had 8 spell levels left.
You knew the following spells:

 Your Spells              Type           Power      Damage    Failure   Level
a - Magic Dart            Conj           40%        1d5       6%          1
b - Call Imp              Summ           8%         N/A       13%         2

Your spell library contained the following spells:

 Spells                   Type           Power      Damage    Failure   Level
 Slow                     Hex            16%        N/A       13%         1
 Blink                    Tloc           16%        N/A       13%         2
 Conjure Flame            Conj/Fire      7%         6-21      28%         3
 Mephitic Cloud           Conj/Pois/Air  6%         N/A       30%         3


Dungeon Overview and Level Annotations

Branches:
Dungeon (2/15)

Altars:


Message History

The adder bites you.
The magic dart hits the adder but does no damage.
The adder is lightly wounded.
The adder attacks as you move away! The adder bites you.
Your crimson imp blinks!
The adder attacks as you move away! The adder closely misses you.
The adder attacks as you move away! The adder barely misses you.
The adder attacks as you move away! The adder barely misses you.
The adder bites you. The adder attacks as you move away!
The adder bites you but does no damage. The adder barely misses you.
Casting: Magic Dart (safe; 6% risk of failure)
Confirm with . or Enter, or press ? or * to list all spells.
A beastly little devil appears in a puff of flame.
The adder bites you.
* * * LOW HITPOINT WARNING * * *
You swap places.
The adder attacks as you move away! The adder barely misses you.
The adder barely misses your crimson imp.
Your crimson imp completely misses the adder.
The adder closely misses your crimson imp.
Your crimson imp hits the adder.
Casting: Call Imp (safe; 13% risk of failure)
Confirm with . or Enter, or press ? or * to list all spells.
A beastly little devil appears in a puff of flame.
Your crimson imp disappears in a puff of smoke!
Casting: Call Imp (safe; 13% risk of failure)
Confirm with . or Enter, or press ? or * to list all spells.
A metallic apparition takes form in the air.
Your crimson imp disappears in a puff of smoke!
The adder barely misses your iron imp. The adder bites you.
* * * LOW HITPOINT WARNING * * *
The adder barely misses your iron imp.
The adder bites your iron imp but does no damage.
The adder attacks as you move away! The adder misses you.
The adder barely misses your iron imp.
Your iron imp barely misses the adder.
The adder bites you.
* * * LOW HITPOINT WARNING * * *
The adder attacks as you move away! The adder bites you.
You die...

############### #.
..............# #.
..............# #.##
..............# ..#
..............########.#######
..............................
..............########..###..#
....................5S....#..#
##########......@S..###...#..#
.................# ##..#..#
#######..........# #..#..#
##.#####...# ##5#..# #.# #...#
#....# #.# #...# #......# #+#
#...# #....### #...# #.#..#
#...# #.#..#


You could see 2 adders and a friendly iron imp (summoned).

Vanquished Creatures
  A dart slug (D:1)
  A bat (D:2)
  An endoplasm (D:2)
  A giant cockroach (D:2)
  2 goblins (D:1)
  A quokka (D:1)
  A frilled lizard (D:1)
  A rat (D:1)
9 creatures vanquished.

Notes
Turn   | Place    | Note
-------+----------+-------------------------------------------
     0 | D:1      | horus123 the Deep Elf Hedge Wizard began the quest for the
                  | Orb.
     0 | D:1      | Reached XP level 1. HP: 10/10 MP: 7/7
   342 | D:1      | Reached skill level 5 in Spellcasting
   420 | D:1      | Reached XP level 2. HP: 12/15 MP: 3/10
   502 | D:1      | Found a faded altar of an unknown god.
   664 | D:2      | Learned a level 2 spell: Call Imp
   828 | D:2      | Slain by an adder

Illustrated notes

Levels and vault maps discovered:
D:1:      minmay_arrival_jagged, layout_rooms,
          ebering_ecumenical_altar_sacrificial
D:2:      layout_basic

Skill      XL: |  1 |
---------------+----+-----
Spellcasting   | 5 |  5.0
Dodging        | |  2.4
Stealth        | |  2.4
Conjurations   | |  1.7
Summonings     | |  1.1
Translocations | |  1.1

Action                   || total
-------------------------++-------
 Cast: Magic Dart        ||    28
       Call Imp          ||     4
Armor: Robe              ||     1
Dodge: Dodged            ||    10

Table legend: (Time is in decaauts)
 A = Elapsed time spent in this place.
 B = Non-inter-level travel time spent in this place.
 C = Inter-level travel time spent in this place.
 D = Time resting spent in this place.
 E = Time spent auto-exploring this place.
 F = Levels seen in this place.
 G = Mean time per level.
                   A        B        C        D        E       F      G
               +--------+--------+--------+--------+--------+-----+--------+
         Total |    826 |    826 |      0 |    319 |    376 |   2 |  413.0 |
       Dungeon |    826 |    826 |      0 |    319 |    376 |   2 |  413.0 |
               +--------+--------+--------+--------+--------+-----+--------+

Top non-repeatable levels by time:
     D:1: 609 daAuts
     D:2: 217 daAuts
